 Dungeon Crawl Stone Soup version 0.31.0-9-g3a7656b989 (webtiles) character file.

Game seed: 14319781675260512168

437 Chiseanne the Covered (level 6, 0/48 HPs)
             Began as a Demonspawn Wanderer on Jan 30, 2024.
             Incinerated by a bombardier beetle (5 damage)
             ... with a burning spray
             ... on level 5 of the Dungeon.
             The game lasted 00:10:26 (4054 turns).

Chiseanne the Covered (Demonspawn Wanderer)         Turns: 4054, Time: 00:10:26

Health: 0/48       AC: 10    Str: 14    XL:     6   Next: 69%
Magic:  9/9        EV: 12    Int: 11    God:
Gold:   207        SH:  0    Dex: 20    Spells: 9/9 levels left

rFire   . . .        a - +4 hand axe
rCold   . . .        (no shield)
rNeg    . . .        f - +0 ring mail
rPois   .            (no helmet)
rElec   .            (no cloak)
rCorr   .            b - +0 pair of gloves
SInv    +            (no boots)
Will    .....        (no amulet)
Stlth   +            e - ring of see invisible
HPRegen 0.28/turn    p - +6 ring of dexterity
MPRegen 0.11/turn

%: no passive effects
@: on fire, glowing
A: slimy green scales 2, powered by pain 1, demonic magic 1
a: no special abilities


You were on level 5 of the Dungeon.
You visited 1 branch of the dungeon, and saw 5 of its levels.

You collected 207 gold pieces.

Inventory:

Hand Weapons
 a - a +4 hand axe (weapon)
 h - a +3 dagger
 w - a +2 sling
Missiles
 g - 5 javelins
 i - 6 poisoned darts (quivered)
Armour
 b - a +0 pair of gloves (worn)
 f - a +0 ring mail (worn)
Jewellery
 e - a ring of see invisible (left hand)
 p - a +6 ring of dexterity (right hand)
Scrolls
 c - 2 scrolls of blinking
 l - a scroll of amnesia
Potions
 d - a potion of attraction
 j - 2 potions of might
 k - a potion of heal wounds {unknown}
 m - 3 potions of curing
 n - a potion of ambrosia
 o - a potion of degeneration {unknown}


   Skills:
 * Level 3.7 Fighting
 - Level 2.6 Ranged Weapons
 * Level 4.0 Armour
 * Level 3.7 Dodging
 - Level 2.0 Spellcasting
 - Level 1.0 Summonings
 - Level 1.2 Invocations


You had 9 spell levels left.
You didn't know any spells.
Your spell library contained the following spells:

 Spells                   Type           Power      Damage    Failure   Level
 Summon Small Mammal      Summ           12%        N/A       36%         1
 Shock                    Conj/Air       4%         1d3       50%         1
 Call Canine Familiar     Summ           3%         N/A       73%         3
 Plasma Beam              Fire/Air       0%         2x1d10    100%        6
 Orb of Destruction       Conj           0%         9d5       100%        7


Dungeon Overview and Level Annotations

Branches:
Dungeon (5/15)
 Temple: D:4-7

Altars:
Xom

Annotations:
D:4 3 runed translucent doors, SkaryMonk's ghost, amateur AtWr


Innate Abilities, Weirdness & Mutations

You are mostly covered in slimy green scales. (AC +3)
You sometimes gain a little power by taking damage.
Spells you cast may paralyse adjacent enemies.


Message History

You hit the bombardier beetle.
The bombardier beetle is heavily wounded.
The bombardier beetle closely misses you.
You barely miss the bombardier beetle.
The bombardier beetle is heavily wounded.
The bombardier beetle sprays incendiary fluid at you.
The burning spray hits you.
You are covered in liquid fire!
You barely miss the bombardier beetle.
The bombardier beetle is heavily wounded.
The liquid fire burns you!
The bombardier beetle barely misses you.
You closely miss the bombardier beetle.
The bombardier beetle is heavily wounded.
The liquid fire burns you!
You hit the bombardier beetle.
The bombardier beetle is heavily wounded.
The liquid fire burns you!
The bombardier beetle bites you but does no damage.
You hit the bombardier beetle but do no damage.
The bombardier beetle is heavily wounded.
The liquid fire burns you!
The bombardier beetle bites you but does no damage.
You hit the bombardier beetle.
The bombardier beetle is almost dead.
The liquid fire burns you!
* * * LOW HITPOINT WARNING * * *
The bombardier beetle sprays incendiary fluid at you.
The burning spray misses you.
Okay, then.
You slash the bombardier beetle!
You kill the bombardier beetle!
The liquid fire burns you!
* * * LOW HITPOINT WARNING * * *
Your Armour skill increases to level 4!
You are on fire!
You are on fire!
You shake off some of the fire as you move.
The liquid fire burns you!
You die...

#.......#
###.###.#..(...#
#########
#.###........#
#.....#.#....#
#####.#.# ..#
#.....# # #†#.###
#.#.# #######
#.#.# .......
#@#.# .......
#)#.### ......<
#†#...
.......###.#.####
..................
........)....#####
.................
.............####
.............#


There were no monsters in sight!

Vanquished Creatures
  An ogre (D:5)
  2 scorpions
  2 bombardier beetles
  An iguana (D:4)
  4 adders
  A shadow imp (D:4)
  2 ufetubi (D:5)
  5 dart slugs
  2 ribbon worms
  3 orcs
  4 bats
  4 endoplasms
  4 giant cockroaches
  5 goblins
  9 hobgoblins
  8 jackals
  5 quokkas
  6 ball pythons
  A frilled lizard (D:3)
  4 kobolds
  3 rats (D:1)
76 creatures vanquished.

Notes
Turn   | Place    | Note
-------+----------+-------------------------------------------
     0 | D:1      | Chiseanne the Demonspawn Wanderer began the quest for the
                  | Orb.
     0 | D:1      | Chiseanne set off with the following items: a +2 sling, a
                  | +0 pair of gloves, a scroll of blinking, a +0 leather
                  | armour; and the following spell memorised: Summon Small
                  | Mammal; and the following spells available to memorise:
                  | Call Canine Familiar.
     0 | D:1      | Reached XP level 1. HP: 15/15 MP: 3/3
   295 | D:1      | Gained mutation: You are partially covered in slimy green
                  | scales. (AC +2) [demonic ancestry]
   295 | D:1      | Reached XP level 2. HP: 21/21 MP: 5/5
   375 | D:1      | Reached skill level 1 in Armour
   858 | D:1      | Gained mutation: Spells you cast may paralyse adjacent
                  | enemies. [demonic ancestry]
   858 | D:1      | Reached XP level 3. HP: 21/27 MP: 6/6
  1026 | D:1      | You fall into a shaft and drop 1 floor!
  1026 | D:2      | Found a shimmering altar of Xom.
  2144 | D:3      | Gained mutation: You are mostly covered in slimy green
                  | scales. (AC +3) [demonic ancestry]
  2144 | D:3      | Reached XP level 4. HP: 34/34 MP: 7/7
  2175 | D:3      | Reached skill level 2 in Armour
  2795 | D:4      | Found a runed translucent gate.
  2795 | D:4      | Found a runed translucent gate.
  2795 | D:4      | Found a runed translucent gate.
  2804 | D:4      | Noticed SkaryMonk's ghost (amateur AtWr)
  2808 | D:4      | Noticed a scorpion
  2817 | D:4      | Killed a scorpion
  2818 | D:4      | Gained mutation: You sometimes gain a little power by
                  | taking damage. [demonic ancestry]
  2818 | D:4      | Reached XP level 5. HP: 36/40 MP: 8/8
  2978 | D:4      | Got the Encyclopedia of Forceful Oxidation
  2997 | D:4      | Reached skill level 3 in Armour
  3192 | D:4      | Identified the +5 war axe of the Fulmar {venom, rF+}
  3890 | D:5      | Entered Level 5 of the Dungeon
  3906 | D:5      | Noticed an ogre
  3915 | D:5      | Killed an ogre
  3916 | D:5      | Reached XP level 6. HP: 47/47 MP: 9/9
  4054 | D:5      | Reached skill level 4 in Armour
  4054 | D:5      | Incinerated by a bombardier beetle

Illustrated notes

Levels and vault maps discovered:
D:1:      dpeg_arrival_tiny_j, layout_basic, nicolae_figureground_pulse
D:2:      layout_basic, basic_altar
D:3:      layout_basic, guppyfry_early_lair_pool
D:4:      layout_basic, gammafunk_ghost_split, grunt_decor_junction
D:5:      layout_basic, temple_pool_b, nicolae_stop_n_shop_2, uniq_menkaure

Skill      XL: |  1  2  3  4  5  6 |
---------------+-------------------+-----
Dodging        | 2 3 |  3.7
Armour         | 1 2 3 4 |  4.0
Fighting       | 2 3 |  3.7
Ranged Weapons | |  2.6
Spellcasting   | |  2.0
Summonings     | |  1.0
Invocations    | |  1.2

Action                     |  1- 3 |  4- 6 || total
---------------------------+-------+-------++-------
  Melee: Whip              |    80 |       ||    80
         Punch             |     3 |     2 ||     5
         Hand axe          |    32 |   112 ||   144
   Fire: Sling             |    53 |       ||    53
  Throw: Dart              |       |    14 ||    14
    Use: Scroll            |     7 |     1 ||     8
         Potion            |       |     1 ||     1
 Armour: Leather armour    |     6 |       ||     6
         Ring mail         |    71 |    73 ||   144
  Dodge: Dodged            |   102 |    74 ||   176
